← All builds
Beach sea / Armada / Economy first / OBSERVED BUILD

Standard beach sea

Armada Beach sea build order · Supreme Isthmus

Builds shipyard first and moves into destroyers, aiming to contest enemy sea entry or grab early vision while building up economy with an advanced metal extractor.

Usually shipyard first (95%)

#naval #eco · 502 distinct matches · 80 players · 73% of Armada Beach sea games · team won 47% of 527 · Recently observed

HOW TO PLAY IT

Key timing: Shipyard by 1:46

  1. Take 3 mex, then send com straight to sea to build shipyard.
  2. Finish shipyard, start pumping an early destroyer to contest sea.
  3. Get first destroyer out to fight for sea entry or scout island.
  4. Add Advanced Metal Extractor to fix the natural resource gap.
  5. Push T2 constructor if resources allow, keep contesting sea control.

Phase by phase

TYPICAL OF ITS 502 GAMES · AGAINST STANDARD BEACH SEA
  1. 1
  2. 2
  3. 3
PLAY THE OPENING

Follow the example game's first 6:00 step by step: what to build now, what comes next, and where it goes. At 1× it keeps pace with your own game.

  1. 1

    Up to the Shipyard

    Economy
    • Metal Extractor3Mex
    • Wind Turbine2Windfor allies+2 vs standard
    • Wind Turbine1Wind−4 vs standard
    Order
    1. ShipyardShipyard after 3 mex, 1 winddone ~1:39, middle half 1:24–1:59

    Some games also: tidal (44%) · energy storage (33%)

    By 1:21 in all: 3 mex · 1 wind (standard 5)

    The example game in this phase · 4 steps
    1. Mex ×3
    2. Wind ×3for Air
    3. Wind ×4
    4. ShipyardShipyarddone 2:00 · typical 1:39
  2. 2

    Shipyard to 5:00

    Economy
    • Metal Extractor5Mex
    • Wind Turbine2Wind−3 vs standard
    • Tidal Generator2Tidal+2 vs standard
    Builders
    • Construction Ship2 Con ship +2 vs standard
    Army
    • Skater2 Skater
    • Dolphin2 Dolphin +2 vs standard
    • Corsair1 Destroyer
    Other
    • Naval Radar / Sonar Tower1 Naval Radar / Sonar Tower

    Some games also: Harpoon (41%) · con turret (37%) · Sentry (36%) · frigate (36%) · submarine (35%)

    The standard build makes here, this one skips: 3 con hovercraft · 7 seeker

    By 5:00 in all: 8 mex · 4 wind (standard 10) · 3 tidal (standard 0)

    The example game in this phase · 15 steps
    1. Tidal ×2
    2. EllysawFrigate
    3. Tidal ×3
    4. SkaterSkater
    5. Con turret
    6. Construction ShipCon ship
    7. Mex
    8. Construction ShipCon ship
    9. Mex ×3
    10. EllysawFrigate ×2
    11. Naval Radar / Sonar TowerNaval Radar / Sonar Tower
    12. Mex
    13. CorsairDestroyerdone 5:34 · typical 4:52
    14. Mex ×2
    15. Radar TowerRadar Tower
  3. 3

    5:00 to 10:00

    Economy
    • Metal Extractor1Mex−2 vs standard
    • Wind Turbine11Wind
    Builders
    • Naval Construction Turret1 Naval Construction Turret
    • Grim Reaper1 Grim Reaper
    Army
    • Sentry1 Sentry
    • Harpoon1 Harpoon
    • Dolphin3 Dolphin
    • Corsair2 Destroyer
    • Skater2 Skater
    Other
    • Naval Radar / Sonar Tower1 Naval Radar / Sonar Tower

    Some games also: con ship (46%) · frigate (43%) · tidal (39%) · converter (37%) · con turret (37%)

    By 10:00 in all: 10 mex · 16 wind (standard 23) · 5 tidal (standard 0) · 1 energy storage · 1 con turret · 1 Naval Construction Turret

    The example game in this phase · 91 steps
    1. SentrySentry
    2. Naval Radar / Sonar TowerNaval Radar / Sonar Tower
    3. SentrySentry
    4. Wind
    5. Mex
    6. SkaterSkater
    7. Wind ×3
    8. EllysawFrigate
    9. Wind
    10. HarpoonHarpoon
    11. EllysawFrigate
    12. Wind
    13. CorsairDestroyer
    14. Wind
    15. HarpoonHarpoon
    16. Wind ×3
    17. Grim ReaperGrim Reaper
    18. Wind ×2
    19. Construction ShipCon ship
    20. Wind
    21. Dragon's ClawDragon's Claw
    22. Naval Radar / Sonar TowerNaval Radar / Sonar Tower
    23. Grim ReaperGrim Reaper
    24. Wind
    25. Naval Construction Turret
    26. Mex
    27. Construction ShipCon ship
    28. Naval Construction Turret
    29. GauntletGauntletdone 11:28
    30. Naval Construction Turret
    31. Grim ReaperGrim Reaper
    32. Mex
    33. Construction ShipCon ship
    34. Grim ReaperGrim Reaper
    35. Construction ShipCon ship
    36. Grim ReaperGrim Reaper
    37. Construction ShipCon ship
    38. Grim ReaperGrim Reaper
    39. Construction ShipCon ship
    40. Grim ReaperGrim Reaper
    41. Construction ShipCon ship
    42. Advanced ShipyardAdvanced Shipyardnot finished by 15:00
    43. Tidal ×3
    44. Advanced Metal ExtractorT2 mexdone 11:41 · typical 10:01
    45. Tidal ×3
    46. Naval Construction Turret
    47. Tidal ×5
    48. Naval Energy Converter ×3
    49. Tidal
    50. Naval Energy Converter ×2
    51. Tidal
    52. Naval Energy Converter
    53. Tidal
    54. Advanced Metal ExtractorT2 mex
    55. Tidal ×11
    56. Advanced ShipyardAdvanced Shipyarddone 13:14
    57. Advanced Metal ExtractorT2 mex
    58. Tidal
    59. Naval NettleNaval Nettle
    60. Tidal
    61. SkaterSkater
    62. Tidal ×2
    63. SkaterSkater
    64. Naval NettleNaval Nettle
    65. Tidal
    66. Naval NettleNaval Nettle
    67. SkaterSkater
    68. Naval Radar / Sonar TowerNaval Radar / Sonar Tower
    69. SkaterSkater ×3
    70. Naval NettleNaval Nettle
    71. Advanced Construction SubAdvanced Construction Sub
    72. SkaterSkater ×3
    73. VoyagerVoyager
    74. SkaterSkater
    75. VoyagerVoyager
    76. BeholderBeholder
    77. SkaterSkater
    78. VoyagerVoyager
    79. SkaterSkater
    80. Naval Advanced Metal ExtractorNaval Advanced Metal Extractordone 14:39
    81. SkaterSkater
    82. Advanced Metal ExtractorT2 mex
    83. SkaterSkater
    84. HavenHaven
    85. SkaterSkater ×3
    86. BermudaRadar jammer ship
    87. SkaterSkater
    88. BeholderBeholder
    89. Naval Advanced Metal ExtractorNaval Advanced Metal Extractor
    90. DragonslayerDragonslayernot finished by 15:00
    91. SkaterSkater

Counts are medians over the build's games: half of them build more, half fewer. The example game is Lincrono's (40 OS, 03/10/2026); pick another.

Team trades

IN AT LEAST 30% OF ITS GAMES

You hand over

  • Wind Turbine3 Wind to Airfirst at 1:44 · in 77% of games

You get

  • Finch1 Finch from Airfirst at 1:56 · in 78% of games
  • Lazarus1 Lazarus from Geofirst at 2:09 · in 51% of games
  • Hercules1 Light transport from Airfirst at 2:14 · in 40% of games
  • Hephaestus1 Heavy transport from Airfirst at 2:17 · in 62% of games
  • Construction Bot1 Con bot from Geofirst at 2:25 · in 70% of games
  • Advanced Construction Bot1 T2 con bot from Techfirst at 8:10 · in 90% of games

How it plays out

Typical game of this build, running totals by minute

Metal produced

010k20k30k
0:005:0010:0015:00

metal

Enemy metal destroyed

05k10k
0:005:0010:0015:00

metal

Own metal lost

02.5k5k7.5k
0:005:0010:0015:00

metal

527 games.

Show as table
ByMetal produced: This buildEnemy metal destroyed: This buildOwn metal lost: This build
1:0040400
2:0093800
3:00158900
4:0025495150
5:003734254125
6:005155568300
7:0067101143610
8:00831016761037
9:001001325021656
10:001191535962419
11:001423145493242
12:001693053984012
13:001975864574885
14:002245072605761
15:002539683656721
WHAT THE NUMBERS SAY

This build loses more often than it wins and trails behind on economy, taking heavier losses than kills by 15:00.

  • + Destroys 7891 enemy metal by 15:00 through consistent sea fighting.
  • + Reaches shipyard fast (1:46) to contest sea entry early.
  • − Loses 6587 own metal by 15:00, nearly matching what it destroys.
  • − T2 factory only appears in 35% of games, falling behind economically.
THE EXAMPLE YOU ARE READING

Lincrono

40.3 OS · 03/10/2026

Open source match ↗

5 received units · includes a constructor
518 metal received · 8077 energy received

Allied construction assistance is unknown. Timings are observations, not a promise of solo reproducibility.

Typical milestones

Shipyard1:39Middle 50%: 1:24–1:59 · n=526
Corsair4:52Middle 50%: 4:15–5:53 · n=505
Advanced Metal Extractor10:01Middle 50%: 9:13–10:56 · n=457

Played most by

yeskinkot65games of this buildHummell57games of this buildTheSituation44games of this buildImmort34games of this buildWashedGamuer32games of this build
Standard beach sea · Armada Beach sea build order · BAR Build Atlas